 Dungeon Crawl Stone Soup version 0.27-a0-1200-g94dc6ad4cf (webtiles) character file.

Game seed: 3761285081234721731

9376 funkygono the Geomancer (level 11, -4/58 HPs)
             Began as a Gargoyle Earth Elementalist on June 2, 2021.
             Was an Elder of Sif Muna.
             Slain by a death knight
             ... wielding a +0 glaive
              (20 damage)
             ... on level 11 of the Dungeon.
             The game lasted 00:32:13 (14244 turns).

funkygono the Geomancer (GrEE)                     Turns: 14244, Time: 00:32:14

Health: -4/58      AC: 17    Str: 12    XL:     11   Next: 45%
Magic:  10/24      EV: 13    Int: 19    God:    Sif Muna [****..]
Gold:   463        SH:  0    Dex: 10    Spells: 14/29 levels left

rFire    + . .     SeeInvis .   a - staff of earth
rCold    . . .     Faith    .   (no shield)
rNeg     + . .     Spirit   .   y - +1 steam dragon scales
rPois    ∞         Reflect  .   (no helmet)
rElec    +         Harm     .   v - +1 cloak
rCorr    .         Rampage  .   (no gloves)
Will     .....                  o - +0 pair of boots
Stlth    ++........             (no amulet)
HPRegen  0.19/turn              m - ring of flight
MPRegen  0.19/turn              f - ring of protection from fire

@: flying
A: sickness immunity, AC +8, negative energy resistance 1, electricity
resistance, torment resistance 1, petrification resistance
a: Renounce Religion, Channel Magic, Forget Spell, Divine Exegesis


You were on level 11 of the Dungeon.
You worshipped Sif Muna.
Sif Muna was greatly pleased with you.
You visited 2 branches of the dungeon, and saw 12 of its levels.
You also visited: Sewer and Ossuary.

You collected 463 gold pieces.

Inventory:

Hand Weapons
 d - a +3 long sword
 l - a +2 flail of protection
 s - a +2 whip of electrocution
 E - a +4 vorpal quarterstaff
Missiles
 b - 35 stones
 i - a curare-tipped dart
Armour
 o - a +0 pair of boots (worn)
 v - a +1 cloak (worn)
 y - +1 steam dragon scales (worn)
 B - a +1 robe of positive energy
 D - a +1 robe of positive energy
 G - a +0 troll leather armour
Magical Staves
 a - a staff of earth (weapon)
Jewellery
 f - a ring of protection from fire (right hand)
 m - a ring of flight (left hand)
Wands
 e - a wand of flame (17)
 r - a wand of acid (8)
 t - a wand of paralysis (8)
 w - a wand of iceblast (7)
Scrolls
 c - a scroll of magic mapping
 h - 2 scrolls of amnesia
 n - 5 scrolls of teleportation
 x - 3 scrolls of fog
 A - a scroll of identify
 F - a scroll of summoning
Potions
 g - 2 potions of degeneration {unknown}
 j - 9 potions of heal wounds
 k - 6 potions of curing {unknown}
 p - 4 potions of flight
 q - 3 potions of brilliance
 u - 2 potions of mutation {unknown}
 z - 2 potions of might {unknown}
 C - 2 potions of invisibility {unknown}


   Skills:
 + Level 2.4 Fighting
 + Level 4.3(4.4) Maces & Flails
 + Level 0.8(2.8) Staves
 + Level 4.2 Dodging
 - Level 2.1 Stealth
 + Level 9.5 Spellcasting
 + Level 6.8 Conjurations
 + Level 0.9 Transmutations
 + Level 12.9 Earth Magic


You had 14 spell levels left.
You knew the following spells:

 Your Spells              Type           Power      Damage    Failure   Level
a - Sandblast             Erth           100%       2d20      1%          1
b - Passwall              Tmut/Erth      43%        N/A       1%          2
c - Stone Arrow           Conj/Erth      100%       3d13      1%          3
d - Petrify               Tmut/Erth      52%        N/A       4%          4
e - Lee's Rapid Deconstr  Erth           36%        3d19*     1%          5

Your spell library contained the following spells:

 Spells                   Type           Power      Damage    Failure   Level
 Leda's Liquefaction      Hex/Erth       25%        N/A       5%          4
 Corona                   Hex            10%        N/A       8%          1
 Slow                     Hex            9%         N/A       12%         2
 Inner Flame              Hex/Fire       9%         N/A       24%         3
 Portal Projectile        Hex/Tloc       18%        N/A       24%         3
 Cause Fear               Hex            4%         N/A       61%         4


Dungeon Overview and Level Annotations

Branches:
Dungeon (11/15)            Temple (1/1) D:6             Orc (0/2) D:10
  Sewer (visited)         Ossuary (visited)
   Lair: D:8-11

Altars:
Ashenzari
Cheibriados
Dithmenos
Elyvilon
Fedhas
Gozag
Hepliaklqana
Kikubaaqudgha
Makhleb
Nemelex Xobeh
Okawaru
Qazlal
Ru
Sif Muna
Trog
Uskayaw
Vehumet
Wu Jian
Xom
Yredelemnul
Zin
The Shining One

Shops:
D:10 *

Annotations:
D:3 2 transporters, tilp's ghost, amateur BaSu
D:5 2 transporters, Lanoc's ghost, novice GnCK
D:10 2 runed translucent doors


Innate Abilities, Weirdness & Mutations

You are immune to sickness and miasma.
Your stone body is resilient. (AC +8)
You are immune to poison.
You resist negative energy. (rN+)
You are resistant to electric shocks. (rElec)
You are resistant to unholy torment.
You are immune to petrification.


Message History

You feel a surge of power!
The stone arrow hits the acid dragon!
The acid dragon is severely wounded.
A death knight comes into view. It is wielding a +0 glaive.
Casting: Stone Arrow (safe; 1% risk of failure)
Confirm with . or Enter, or press ? or * to list all spells.
Aiming: Stone Arrow (safe; 1% risk of failure)
Press: ? - help, Shift-Dir - straight line, f/p - acid dragon
Aim: an acid dragon (heavily wounded, 78% to hit)
You feel a surge of power!
The stone arrow hits the acid dragon!!
You kill the acid dragon!
Sif Muna accepts your kill.
The death knight shouts!
The death knight offers itself to Yredelemnul, and fills with unholy energy.
Casting: Stone Arrow (safe; 1% risk of failure)
Confirm with . or Enter, or press ? or * to list all spells.
Aiming: Stone Arrow (safe; 1% risk of failure)
Press: ? - help, Shift-Dir - straight line, f - death knight
Aim: a death knight, wielding a +0 glaive and wearing a +0 chain mail (reflecting injuries, 78% to hit)
You feel a surge of power!
The stone arrow hits the death knight!!
The death knight is moderately wounded.
The death knight reflects your damage back at you!
Casting: Stone Arrow (safe; 1% risk of failure)
Confirm with . or Enter, or press ? or * to list all spells.
Aiming: Stone Arrow (safe; 1% risk of failure)
Press: ? - help, Shift-Dir - straight line, f/p - death knight
Aim: a death knight, wielding a +0 glaive and wearing a +0 chain mail (moderately wounded, reflecting injuries, 78% to hit)
You feel a surge of power!
The stone arrow hits the death knight!!
The death knight is heavily wounded.
The death knight reflects your damage back at you!
Casting: Stone Arrow (safe; 1% risk of failure)
Confirm with . or Enter, or press ? or * to list all spells.
Aiming: Stone Arrow (safe; 1% risk of failure)
Press: ? - help, Shift-Dir - straight line, f/p - death knight
Aim: a death knight, wielding a +0 glaive and wearing a +0 chain mail (heavily wounded, reflecting injuries, 78% to hit)
You feel a surge of power!
The stone arrow hits the death knight!!
The death knight is almost dead.
The death knight reflects your damage back at you!
* * * LOW HITPOINT WARNING * * *
The death knight hits you from afar with a +0 glaive!!
You die...

..#...).'.........
...'.....#.....<...
.........##..######
######...##### +#
OC #.......# .( ##
#.......# ..
#...##..# .#
#...###'##p.##..
.....#...@.......
......#...........
##..##.###.######..
#.. #. #.# ).. ....
##.. #...


You could see a death knight (reflects damage).

Vanquished Creatures
  A two-headed ogre (D:6)
  Pikel (D:4)
  Joseph (D:8)
  Maggie (D:8)
  A yaktaur (D:10)
  2 trolls
  A hornet (D:10)
  A shadow (D:10)
  A wyvern (D:8)
  2 wraiths
  13 yaks
  3 acid dragons
  2 sky beasts
  2 water moccasins
  6 orc warriors
  A hornet zombie (D:8)
  A necrophage (D:6)
  5 ogres
  A centaur (D:7)
  A lemure (D:4)
  7 kobold brigands
  A bullfrog (D:9)
  4 gnoll sergeants
  3 scorpions
  A water moccasin skeleton (D:5)
  3 killer bees (D:9)
  6 wights
  A crimson imp (D:4)
  A centaur zombie (D:8)
  3 hounds
  3 orc priests (D:9)
  An iguana (D:6)
  8 orc wizards
  A killer bee zombie (D:5)
  2 hound skeletons (D:5)
  2 mummies
  3 howler monkey zombies
  15 gnolls
  A howler monkey skeleton (D:4)
  8 adders
  2 shadow imps
  An ufetubus (D:4)
  An adder skeleton (D:5)
  4 worms
  A dart slug (D:7)
  27 orcs
  2 spectral bats (Ossuary)
  2 endoplasms
  2 giant cockroaches
  5 goblins
  6 hobgoblins
  4 jackals
  11 kobolds
  6 quokkas
  8 ball pythons
  6 bats
  2 bat simulacra (Ossuary)
  2 frilled lizards
  12 gnoll zombies (Ossuary)
  4 goblin simulacra (Ossuary)
  6 goblin zombies
  5 hobgoblin zombies
  2 kobold simulacra (Ossuary)
  4 kobold zombies (Ossuary)
  5 orc zombies (Ossuary)
  12 rats
  4 rat simulacra (Ossuary)
  2 spectral goblins (Ossuary)
  3 spectral kobolds (Ossuary)
  2 spectral rats (Ossuary)
274 creatures vanquished.

Vanquished Creatures (others)
  A sky beast (D:8)
  A human (D:4)
  A kobold simulacrum (Ossuary)
3 creatures vanquished.

Grand Total: 277 creatures vanquished

Notes
Turn   | Place    | Note
-------+----------+-------------------------------------------
     0 | D:1      | funkygono the Gargoyle Earth Elementalist began the quest
                  | for the Orb.
     0 | D:1      | Reached XP level 1. HP: 10/10 MP: 3/3
   173 | D:1      | Reached skill level 4 in Earth Magic
   224 | D:1      | Reached XP level 2. HP: 15/15 MP: 1/5
   973 | D:1      | Reached XP level 3. HP: 19/19 MP: 1/6
  1358 | D:1      | Learned a level 2 spell: Passwall
  1841 | D:2      | Reached skill level 5 in Earth Magic
  1857 | D:2      | Learned a level 3 spell: Stone Arrow
  2372 | D:2      | Reached XP level 4. HP: 23/24 MP: 4/8
  2778 | D:3      | Reached skill level 1 in Conjurations
  2848 | D:3      | Found a transporter.
  2850 | D:3      | Found a transporter.
  2850 | D:3      | Noticed tilp's ghost (amateur BaSu)
  2940 | D:3      | Reached XP level 5. HP: 11/28 MP: 4/10
  3364 | D:3      | Found a faded altar of an unknown god.
  3472 | D:4      | Reached skill level 6 in Earth Magic
  3472 | D:4      | Reached XP level 6. HP: 29/32 MP: 7/11
  3566 | D:4      | Found a glowing drain.
  3597 | Sewer    | Entered a sewer
  3800 | Sewer    | Found a glowing silver altar of Zin.
  4226 | D:4      | Found an ancient bone altar of Kikubaaqudgha.
  4226 | D:4      | Noticed a human
  4235 | D:4      | Killed a human
  4517 | D:4      | Noticed Pikel
  4558 | D:4      | Reached skill level 1 in Maces & Flails
  4561 | D:4      | Killed Pikel
  4562 | D:4      | Reached skill level 1 in Fighting
  4562 | D:4      | Reached skill level 5 in Spellcasting
  4562 | D:4      | Reached skill level 7 in Earth Magic
  4562 | D:4      | Reached XP level 7. HP: 18/38 MP: 0/14
  4562 | D:4      | Reached XP level 8. HP: 20/43 MP: 0/15
  4911 | D:4      | Found a burning altar of Makhleb.
  4912 | D:4      | Found a radiant altar of Vehumet.
  5131 | D:4      | Learned a level 5 spell: Lee's Rapid Deconstruction
  5141 | D:5      | Entered Level 5 of the Dungeon
  5489 | D:5      | Noticed a hornet
  5496 | D:5      | Noticed Lanoc's ghost (novice GnCK)
  5686 | D:5      | Found a transporter.
  5686 | D:5      | Found a transporter.
  6411 | D:5      | Found a sacrificial altar of Ru.
  6493 | D:6      | Reached skill level 8 in Earth Magic
  6768 | D:6      | Noticed a two-headed ogre
  6772 | D:6      | Killed a two-headed ogre
  6773 | D:6      | Reached skill level 5 in Conjurations
  6773 | D:6      | Reached XP level 9. HP: 48/48 MP: 8/19
  6919 | D:6      | Reached skill level 9 in Earth Magic
  7463 | D:6      | Found a staircase to the Ecumenical Temple.
  7469 | Temple   | Entered the Ecumenical Temple
  7476 | Temple   | Became a worshipper of Sif Muna the Loreminder
  7938 | D:6      | Learned a level 4 spell: Petrify
  8374 | D:7      | Found a snail-covered altar of Cheibriados.
  8546 | D:7      | Found an iron altar of Okawaru.
  8715 | D:7      | Found a shimmering altar of Xom.
  8718 | D:7      | Found a sparkling altar of Nemelex Xobeh.
  8723 | D:7      | Found a blossoming altar of Fedhas.
  8981 | D:8      | Noticed Maggie
  8990 | D:8      | Killed Maggie
  8991 | D:8      | Reached skill level 10 in Earth Magic
  8991 | D:8      | Reached XP level 10. HP: 44/53 MP: 6/21
  9076 | D:8      | Found a sand-covered staircase.
  9088 | Ossuary  | Entered an ossuary
  9199 | Ossuary  | Reached * piety under Sif Muna
  9568 | Ossuary  | Reached ** piety under Sif Muna
  9999 | D:8      | Noticed Joseph
 10006 | D:8      | Killed Joseph
 11158 | D:9      | Reached skill level 11 in Earth Magic
 12088 | D:9      | Reached *** piety under Sif Muna
 12361 | D:10     | Entered Level 10 of the Dungeon
 12471 | D:10     | Found a shadowy altar of Dithmenos.
 12589 | D:10     | Found a runed translucent door.
 12624 | D:10     | Reached skill level 12 in Earth Magic
 12624 | D:10     | Reached XP level 11. HP: 57/57 MP: 7/23
 13375 | D:10     | Found a staircase to the Orcish Mines.
 13415 | D:10     | Found Sungoj Naacu's General Store.
 13832 | D:10     | Found a runed translucent door.
 13833 | D:10     | Noticed a two-headed ogre
 14077 | D:10     | Noticed a lindwurm
 14112 | D:11     | Reached **** piety under Sif Muna
 14217 | D:11     | Noticed an ogre mage
 14217 | D:11     | Noticed a cyclops
 14239 | D:11     | Noticed a death knight
 14244 | D:11     | Slain by a death knight

Illustrated notes

Levels and vault maps discovered:
D:1:      eino_arrival_water_star, layout_loops_cross, serial_co_window_serial,
          co_window_paths_a, co_window_paths_a, co_window_of_opportunity_a,
          co_window_paths_a, co_window_corner_a, co_window_corner_cb,
          co_window_broadway_a, co_window_of_opportunity_c, co_window_corner_ca,
          co_window_corner_b, co_window_unsneaky_path_b, co_window_4corner_b,
          glass_columns_a, glass_columns_a, glass_columns_a, glass_columns_a
D:2:      layout_basic
D:3:      layout_rooms, basic_ecumenical_altar, gammafunk_ghost_arena
D:4:      layout_basic, grunt_temple_overflow_lords_of_destruction,
          tgw_kikubaaqudgha, gup_sewer_entry_spiral, minmay_ruptured, uniq_pikel
D:5:      layout_loops_ring, hangedman_ru_absence, gammafunk_ghost_hive
D:6:      layout_loops_corners, minmay_temple_entry_tees,
          minmay_tree_intersection, lemuel_old_faithful
D:7:      layout_cave_pools, grunt_temple_overflow_diamond,
          kennysheep_slug_shrine, kennysheep_okawaru_gauntlet
D:8:      layout_basic, enter_bailey_1, nicolae_ossuary_entry_giza, uniq_maggie,
          uniq_joseph
D:9:      layout_grid_maze
D:10:     cheibrodos_histonic, layout_basic, lemuel_round_altar,
          kennysheep_orc_monster_closet_entryway, serial_shops, shop,
          grunt_decor_mini_mirrors
D:11:     layout_gridville, grunt_lair_entry_orc_guard_hut,
          onia_ninara_dug_in_and_dangerous
Temple:   nicolae_temple_x_marks_the_god

Skill      XL: |  1  2  3  4  5  6  7  8  9 10 11 |
---------------+----------------------------------+-----
Earth Magic    | 4 5 6 7 8 10 12 | 12.9
Spellcasting   | 3 5 6 7 8 9 |  9.5
Conjurations   | 1 2 5 6 |  6.8
Maces & Flails | 2 3 4 |  4.3
Fighting       | 1 2 |  2.4
Dodging        | 2 3 4 |  4.2
Staves         | |  0.8
Stealth        | |  2.1
Transmutations | |  0.9

Action                   |  1- 3 |  4- 6 |  7- 9 | 10-12 || total
-------------------------+-------+-------+-------+-------++-------
Melee: Whip              |     4 |     3 |    42 |    54 ||   103
       Flail             |       |    96 |       |       ||    96
       Staff             |       |       |     1 |    48 ||    49
 Cast: Sandblast         |    47 |    51 |    12 |   138 ||   248
       Stone Arrow       |       |    13 |    79 |    59 ||   151
       Passwall          |       |       |     1 |       ||     1
       Lee's Rapid Decon |       |       |       |    12 ||    12
  Use: Scroll            |     5 |     1 |     3 |     5 ||    14
 Stab: Sleeping          |       |       |       |     1 ||     1
Armor: Robe              |     5 |    51 |    29 |       ||    85
       Steam dragon scal |       |       |       |    61 ||    61
Dodge: Dodged            |    11 |    85 |    25 |    93 ||   214

Table legend: (Time is in decaauts)
 A = Elapsed time spent in this place.
 B = Non-inter-level travel time spent in this place.
 C = Inter-level travel time spent in this place.
 D = Time resting spent in this place.
 E = Time spent auto-exploring this place.
 F = Levels seen in this place.
 G = Mean time per level.
                   A        B        C        D        E       F      G
               +--------+--------+--------+--------+--------+-----+--------+
         Total |  14281 |  14004 |    277 |   1310 |  10668 |  14 | 1020.1 |
       Dungeon |  13339 |  13071 |    268 |   1310 |  10070 |  11 | 1212.6 |
        Temple |     56 |     48 |      8 |      0 |     41 |   1 |   56.0 |
         Sewer |    250 |    250 |      0 |      0 |    146 |   1 |  250.0 |
       Ossuary |    635 |    635 |      0 |      0 |    411 |   1 |  635.0 |
               +--------+--------+--------+--------+--------+-----+--------+

Top non-repeatable levels by time:
    D:10: 1748 daAuts
     D:9: 1507 daAuts
     D:4: 1460 daAuts
     D:6: 1429 daAuts
     D:8: 1415 daAuts
     D:1: 1386 daAuts
     D:5: 1312 daAuts
     D:2: 1275 daAuts
     D:7: 854 daAuts
     D:3: 806 daAuts
 Ossuary: 635 daAuts
   Sewer: 250 daAuts
    D:11: 142 daAuts
  Temple: 56 daAuts
